 Dungeon Crawl Stone Soup version 0.31-a0-1549-g5ff9445e89 (webtiles) character file.

Game seed: 15671449538232546782

52 innerfire43 the Trooper (level 3, -1/43 HPs)
             Began as a Demonspawn Monk on Jan 2, 2024.
             Slain by Robin
             ... wielding a +0 spear
              (3 damage)
             ... on level 2 of the Dungeon.
             The game lasted 00:01:32 (1021 turns).

innerfire43 the Trooper (Demonspawn Monk)           Turns: 1021, Time: 00:01:33

Health: -1/43      AC:  2    Str: 11 (13) XL:     3   Next: 60%
Magic:  3/3        EV: 13    Int:  7 (10) God:
Gold:   39         SH:  0    Dex: 14 (15) Spells: 2/2 levels left

rFire   . . .        l - +0 trident
rCold   . . .        d - orb {light}
rNeg    + . .        b - +0 robe
rPois   .            (no helmet)
rElec   .            (no cloak)
rCorr   .            (no gloves)
SInv    .            (no boots)
Will    .....        (no amulet) Stlth
                     f - ring of flight
HPRegen 0.27/turn    k - ring of positive energy
MPRegen 0.08/turn

%: no passive effects
@: berserking, about to teleport, flying, glowing, very quick
A: claws 1, demonic magic 1
a: no special abilities


You were on level 2 of the Dungeon.
You visited 1 branch of the dungeon, and saw 2 of its levels.

You collected 39 gold pieces.

Inventory:

Hand Weapons
 a - a +0 spear
 l - a +0 trident (weapon)
Armour
 b - a +0 robe (worn)
 d - an orb of light (worn)
Jewellery
 f - a ring of flight (left claw)
 j - a ring of ice
 k - a ring of positive energy (right claw)
Scrolls
 e - a scroll of identify
 g - 2 scrolls of revelation
Potions
 c - a potion of ambrosia
 i - a potion of enlightenment
 o - a potion of curing {unknown}


   Skills:
 + Level 3.6 Fighting
 * Level 3.3 Polearms
 + Level 3.2 Dodging


You had 2 spell levels left.
You didn't know any spells.
Your spell library was empty.

Dungeon Overview and Level Annotations

Branches:
Dungeon (2/15)

Altars:

Annotations:
D:2 Robin


Innate Abilities, Weirdness & Mutations

You have sharp fingernails.
Spells you cast may paralyse adjacent enemies.


Message History

Robin of the Strong Arm comes into view.
They are wielding a +0 spear.
The goblin misses you.
You hit the hobgoblin.
The hobgoblin is moderately wounded.
Robin roars a battlecry!
The goblins go into a battle-frenzy!
The goblin closely misses you. The hobgoblin hits you!
The goblin hits you with a +0 dagger.
You hear a shout! x2
As you read the scroll labelled RUS KEONOMM, it crumbles to dust.
You feel strangely unstable.
It was a scroll of teleportation.
The goblin misses you. The hobgoblin barely misses you.
The goblin hits you but does no damage.
It was a potion of degeneration.
There was something very wrong with that liquid.
You feel weakened.
You feel dopey.
You feel clumsy. The goblin closely misses you.
The hobgoblin barely misses you. Robin closely misses you.
The goblin closely misses you.
It was a potion of berserk rage.
A red film seems to cover your vision as you go berserk!
You feel yourself moving faster!
You feel mighty! The goblin hits you with a +0 dagger.
The hobgoblin barely misses you.
Robin hits you from afar with a +0 spear.
* * * LOW HITPOINT WARNING * * *
The goblin hits you with a +0 dagger.
* * * LOW HITPOINT WARNING * * *
You puncture the goblin!
You kill the goblin!
The hobgoblin closely misses you. Robin closely misses you.
The goblin hits you but does no damage.
You puncture the goblin!
You kill the goblin!
The goblin hits you with a +0 dagger.
* * * LOW HITPOINT WARNING * * *
The hobgoblin hits you.
* * * LOW HITPOINT WARNING * * *
Robin says, "My goblins will feast on your bones."
Robin hits you from afar with a +0 spear.
You die...
Robin calls out, "Let's celebrate!
Time for a feast!"

# #+# #.#
#.###...#####...#..#
#.# #.# ##.#
##.###.# #)# #.# #.#
#.##..# #.# #.####.#
#.##.## #. #....#.#
#.##.# #...##.##
##.##.#
#...#...#####...#.#
#.....8.......8...#
#.g@#...#####...###
#.g)##.## ##.##
#.#!g### ### #.##..
# ###


You could see Robin, a hobgoblin (strong) and a goblin (strong).

Vanquished Creatures
  Jessica (D:2)
  An adder (D:2)
  2 dart slugs (D:2)
  3 bats
  4 goblins
  3 kobolds
  2 rats (D:1)
16 creatures vanquished.

Notes
Turn   | Place    | Note
-------+----------+-------------------------------------------
     0 | D:1      | innerfire43 the Demonspawn Monk began the quest for the
                  | Orb.
     0 | D:1      | Reached XP level 1. HP: 18/18 MP: 1/1
   769 | D:2      | Gained mutation: Spells you cast may paralyse adjacent
                  | enemies. [demonic ancestry]
   769 | D:2      | Reached XP level 2. HP: 18/24 MP: 2/2
   820 | D:2      | Noticed Jessica
   822 | D:2      | Killed Jessica
   823 | D:2      | Gained mutation: You have sharp fingernails. [demonic
                  | ancestry]
   823 | D:2      | Reached XP level 3. HP: 29/29 MP: 3/3
   895 | D:2      | Found a faded altar of an unknown god.
  1015 | D:2      | Noticed Robin
  1021 | D:2      | HP: 2/43 [hobgoblin[Robin] (3)]
  1021 | D:2      | Slain by Robin

Illustrated notes

Levels and vault maps discovered:
D:1:      minmay_arrival_stair_chambers, layout_basic
D:2:      layout_basic, basic_ecumenical_altar, grunt_decor_mini_mirrors,
          minmay_misc_feat_tower, nrook_uturn, minmay_puff, uniq_jessica,
          uniq_terence, uniq_robin

Skill      XL: |  1  2 |
---------------+-------+-----
Polearms       | 3 |  3.3
Dodging        | 3 |  3.2
Fighting       | |  3.6

Action                     || total
---------------------------++-------
  Melee: Spear             ||    17
         Trident           ||    41
    Use: Scroll            ||     5
         Potion            ||     2
 Armour: Robe              ||    34
  Dodge: Dodged            ||    33

Table legend: (Time is in decaauts)
 A = Elapsed time spent in this place.
 B = Non-inter-level travel time spent in this place.
 C = Inter-level travel time spent in this place.
 D = Time resting spent in this place.
 E = Time spent auto-exploring this place.
 F = Levels seen in this place.
 G = Mean time per level.
                   A        B        C        D        E       F      G
               +--------+--------+--------+--------+--------+-----+--------+
         Total |   1024 |   1024 |      0 |      0 |    823 |   2 |  512.0 |
       Dungeon |   1024 |   1024 |      0 |      0 |    823 |   2 |  512.0 |
               +--------+--------+--------+--------+--------+-----+--------+

Top non-repeatable levels by time:
     D:1: 761 daAuts
     D:2: 263 daAuts
